Map: Bridgehead LE (Void)

Players

Nro - Winner!

  • Race: Terran Terran
  • League: Bronze

SticklerMac

  • Race: Zerg Zerg
  • League: Bronze

VOD

Have the link to the VOD?

Description

Time

  • Played on: Aug. 11, 2015, 7:38 p.m.
  • Length: 12:21
Show
View Real Time Build Order
Export as new Build Order

Nro Terran - Winner!

Build Orders: Command Center First (CC), MMM Bio 

Get SALT Encoding   

  12  0:01  SCV  
  13  0:14  SCV  
  14  0:19  Supply Depot  
  14  0:26  SCV  
  15  0:41  SCV  
  16  0:53  SCV  
  17  1:03  Command Center  
  17  1:05  SCV  
  18  1:17  Barracks  
  18  1:23  SCV  
  18  1:24  Supply Depot  
  19  1:36  SCV  
  20  1:48  SCV  
  21  2:05  Orbital Command  
  21  2:06  Marine  
  22  2:25  Marine  
  23  2:32  SCV  
  23  2:34  Orbital Command  
  24  2:43  Marine  
  25  2:56  Command Center  
  25  3:01  Marine  
  26  3:18  Refinery  
  26  3:19  Marine  
  27  3:20  SCV  
  27  3:21  SCV  
  27  3:24  Refinery  
  27  3:26  Refinery  
  29  3:32  Supply Depot  
  29  3:33  SCV x2  
  31  3:37  Marine  
  32  3:42  Barracks x2  
  32  3:44  Barracks  
  32  3:54  Marine  
  33  4:01  SCV x2  
  35  4:12  Refinery  
  35  4:13  SCV x2  
  37  4:20  Engineering Bay  
  37  4:22  Engineering Bay, Orbital Command  
  37  4:25  SCV  
  37  4:26  SCV  
  39  4:33  Barracks Tech Lab  
  39  4:36  Barracks Tech Lab  
  39  4:37  SCV  
  39  4:38  SCV  
  41  4:40  Barracks Reactor  
  41  4:48  Supply Depot  
  41  4:50  SCV x2  
  41  4:51  SCV  
  44  4:53  Barracks Reactor  
  44  5:02  SCV x2  
  44  5:03  SCV  
  44  5:04  Terran Infantry Weapons Level 1, Terran Infantry Armor Level 1  
  47  5:10  Factory  
  47  5:14  SCV x2  
  48  5:16  SCV  
  48  5:21  Marine x2, Marauder x2  
  55  5:22  Combat Shields  
  55  5:26  SCV x2  
  55  5:28  SCV  
  59  5:29  Stimpack  
  59  5:31  Marine x2  
  61  5:38  SCV x2, Marine  
  61  5:40  SCV  
  61  5:42  Marauder x2  
  69  5:50  SCV  
  69  5:56  Refinery  
  70  5:57  Refinery  
  70  5:59  Factory Reactor  
  70  6:05  Starport  
  70  6:16  Supply Depot  
  70  6:17  Supply Depot  
  70  6:23  Supply Depot, Marauder x2  
  70  6:24  Marine x3  
  77  6:31  Barracks  
  77  6:33  Barracks  
  77  6:34  Barracks  
  77  6:38  Marine  
  78  6:41  Marine  
  78  6:45  Factory Tech Lab, Marauder x2  
  83  6:47  Marine x2  
  83  6:50  SCV x3  
  88  7:06  Marauder x2  
  92  7:08  SCV  
  92  7:09  SCV x2  
  95  7:19  Barracks Reactor  
  95  7:20  Marine x2  
  95  7:21  Marine x3  
  100  7:38  Marine  
  100  7:43  Barracks Reactor  
  100  7:44  Concussive Shells  
  101  7:48  Barracks Reactor  
  101  7:59  Armory  
  101  8:35  Command Center  
  101  8:36  Command Center  
  101  8:43  Marine  
  101  8:44  Supply Depot, Marine, SCV  
  101  8:45  SCV  
  101  8:46  Supply Depot, Marine  
  101  8:47  SCV, Marine  
  101  8:48  Marine  
  101  9:00  SCV  
  101  9:03  Marauder  
  101  9:05  SCV x2, Siege Tank, Marine x3  
  101  9:07  Supply Depot  
  101  9:08  Marauder, Medivac x2  
  115  9:10  Supply Depot  
  115  9:12  Missile Turret  
  115  9:13  Missile Turret  
  115  9:15  Missile Turret x2  
  115  9:16  Missile Turret  
  115  9:18  Missile Turret  
  115  9:24  Marauder  
  115  9:27  Missile Turret  
  115  9:29  Missile Turret, Marauder  
  115  9:31  Missile Turret  
  118  9:37  Medivac x2  
  125  9:39  Marine x6  
  125  9:40  Marine x2  
  133  9:48  Marauder, Marine x2  
  133  9:49  Missile Turret  
  137  9:54  Missile Turret  
  137  9:59  Thor  
  121  10:07  Medivac x2  
  119  10:31  Marine x3  
  119  10:32  Marine x6  
  119  10:33  Marine x2  
  131  10:41  Thor, Marine  
  135  10:46  Medivac  
  135  10:47  Medivac  
  135  10:49  Marine x4  
  142  10:50  Marine x4  
  142  10:51  Marine  
  148  11:29  Marine x2  
  148  11:30  Marine x2  
  148  11:31  Medivac  
  148  11:32  Medivac  
  148  11:33  Thor  
  126  11:50  Marine  
  126  11:51  Marine x5  
  126  11:52  Marine x5  
Show
View Real Time Build Order
Export as new Build Order

SticklerMac Zerg 

Build Orders: Pool First, Muta Ling Bane 

Get SALT Encoding   

  12  0:01  Drone  
  13  0:12  Overlord  
  13  0:17  Drone  
  14  0:31  Drone x2  
  16  0:42  Spawning Pool  
  15  0:45  Drone  
  16  0:51  Extractor  
  16  0:52  Drone  
  16  0:56  Drone  
  17  1:06  Drone  
  18  1:26  Hatchery  
  17  1:33  Drone x2  
  19  1:40  Drone  
  20  1:51  Extractor  
  19  1:56  Metabolic Boost  
  19  2:00  Queen  
  22  2:04  Overlord  
  21  2:12  Overlord  
  21  2:25  Drone  
  22  2:32  Drone  
  22  2:36  Queen  
  25  2:50  Drone x3  
  28  3:01  Baneling Nest, Zergling x4  
  29  3:05  Drone  
  29  3:11  Drone x3  
  33  3:13  Zergling x4  
  33  3:19  Queen  
  37  3:43  Drone x6  
  43  3:50  Overlord  
  43  3:51  Overlord  
  43  4:08  Lair  
  43  4:09  Drone  
  44  4:12  Drone  
  44  4:13  Drone x3  
  44  4:15  Extractor  
  47  4:17  Extractor  
  46  4:28  Zergling x2  
  46  4:29  Zergling x10  
  46  4:31  Overlord  
  52  4:32  Overlord x2  
  52  4:33  Overlord  
  52  4:49  Evolution Chamber  
  52  4:50  Evolution Chamber, Drone x5  
  52  4:51  Drone x2  
  57  4:55  Drone x2  
  57  4:58  Evolution Chamber  
  59  5:07  Overseer  
  59  5:14  Hatchery  
  58  5:20  Spore Crawler  
  57  5:22  Spore Crawler  
  57  5:25  Spore Crawler  
  57  5:27  Spore Crawler  
  57  5:28  Spore Crawler, Drone  
  54  5:30  Spore Crawler  
  54  5:31  Drone x2  
  55  5:40  Drone  
  56  5:52  Spire, Centrifical Hooks  
  56  5:55  Drone  
  56  5:56  Drone x4  
  60  6:05  Drone  
  60  6:06  Drone  
  62  6:19  Queen  
  62  6:24  Drone x2  
  62  6:25  Drone x4  
  69  6:26  Drone x2  
  72  6:49  Drone x5  
  72  6:50  Drone x4, Extractor  
  72  6:53  Extractor  
  79  6:59  Infestation Pit  
  80  7:11  Drone x2  
  80  7:19  Mutalisk x2  
  80  7:20  Mutalisk x3  
  90  7:27  Overlord x5  
  90  7:44  Hive  
  90  7:45  Mutalisk x3  
  90  7:46  Mutalisk x4  
  90  7:47  Mutalisk  
  106  7:54  Extractor  
  105  8:12  Hatchery  
  104  8:21  Zergling x14  
  104  8:22  Zergling x12  
  117  8:27  Hatchery  
  117  8:29  Mutalisk x4  
  124  8:45  Overlord x4  
  124  8:46  Overlord x2  
  124  9:08  Mutalisk x7  
  138  9:20  Mutalisk  
  140  9:28  Zergling x2  
  140  9:29  Zergling x16  
  140  9:30  Baneling  
  149  9:51  Mutalisk x4  
  155  10:01  Zergling x6  
  134  10:15  Ultralisk Cavern  
  128  10:22  Zergling x2  
  128  10:23  Zergling x12  
  134  10:39  Viper  
  140  11:11  Ultralisk x3  
  140  11:13  Zergling x18  
  140  11:14  Zergling x16  
  140  11:16  Zergling x2  
  140  11:17  Zergling x2  
  129  11:35  Ultralisk x2  
  117  11:50  Overlord  
  117  11:51  Overlord x3  
Tags
 
Add a new tag
Caveats
  • Supply blocks, unpowered buildings, or Contaminate may cause inaccurate times.
  • Supply counts are checked every 10 seconds.